 Dungeon Crawl Stone Soup version 0.29-a0-234-g0dae59b3db (webtiles) character file.

Game seed: 17931831316283103320

46 dolemite99 the Bolt Thrower (level 3, -4/21 HPs)
             Began as a Kobold Hunter on Mar 4, 2022.
             Slain by a gnoll
             ... wielding a +2 spear of pain
              (8 damage)
             ... on level 2 of the Dungeon.
             The game lasted 00:00:58 (932 turns).

dolemite99 the Bolt Thrower (Kobold Hunter)          Turns: 932, Time: 00:00:59

Health: -4/21      AC:  3    Str:  9    XL:     3   Next: 92%
Magic:  3/3        EV: 14    Int: 12    God:
Gold:   89         SH:  0    Dex: 17    Spells: 2/2 levels left

rFire   . . .      SeeInvis .   a - +1 hand crossbow
rCold   . . .      Faith    .   (no shield)
rNeg    . . .      Spirit   .   b - +0 leather armour
rPois   .          Reflect  .   (no helmet)
rElec   .          Harm     .   (no cloak)
rCorr   .          Rampage  .   (no gloves)
Will    .....                   (no boots)
Stlth   +++.......              (no amulet)
HPRegen 0.07/turn               (no ring)
MPRegen 0.08/turn               (no ring)

@: no status effects
A: small, no large weapons, nightstalker 3
a: no special abilities


You were on level 2 of the Dungeon.
You visited 1 branch of the dungeon, and saw 2 of its levels.

You collected 89 gold pieces.

Inventory:

Hand Weapons
 a - a +1 hand crossbow (weapon)
 l - a +1 flail of venom
Armour
 b - a +0 leather armour (worn)
 c - a +0 ring mail
 e - a +2 hat
Scrolls
 d - a scroll of teleportation {unknown}
 h - 3 scrolls of enchant armour {unknown}
 j - a scroll of immolation {unknown}
 k - a scroll of vulnerability {unknown}
Potions
 f - 2 potions of flight {unknown}
 g - a potion of magic {unknown}
 i - a potion of attraction {unknown}


   Skills:
 - Level 2.1 Fighting
 * Level 6.5 Crossbows
 - Level 2.4 Dodging
 + Level 3.0 Stealth


You had 2 spell levels left.
You didn't know any spells.
Your spell library was empty.

Dungeon Overview and Level Annotations

Branches:
Dungeon (2/15)

Altars:


Innate Abilities, Weirdness & Mutations

You are small and have problems with some larger weapons.
You are completely attuned to the shadows.


Message History

You shoot a bolt. The bolt closely misses the gnoll.
The gnoll hits you with a +1 flail of venom.
You shoot a bolt. The bolt hits the gnoll!
You kill the gnoll!
Your Stealth skill increases to level 3!
No target in view!
No target in view!
No target in view!
Things that are here:
a +1 flail of venom; a gnoll corpse
l - a +1 flail of venom A gnoll comes into view.
It is wielding a +2 spear of pain.
The gnoll hits you from afar with a +2 spear of pain.
You shoot a bolt. The bolt completely misses the gnoll.
The gnoll hits you from afar with a +2 spear of pain.
You shoot a bolt. The bolt hits the gnoll.
The gnoll is lightly wounded.
The gnoll hits you from afar with a +2 spear of pain.
The gnoll misses you.
The gnoll hits you from afar with a +2 spear of pain.
Shoot: a) +1 hand crossbow
Press: ? - help, Shift-Dir - straight line, f/p - gnoll
Aim: a gnoll, wielding a +2 spear of pain (lightly wounded, 69% to hit)
You shoot a bolt. The bolt hits the gnoll!
The gnoll is severely wounded.
The gnoll misses you.
Shoot: a) +1 hand crossbow
Press: ? - help, Shift-Dir - straight line, f/p - gnoll
Aim: a gnoll, wielding a +2 spear of pain (severely wounded, 69% to hit)
You shoot a bolt. The bolt barely misses the gnoll.
The gnoll hits you from afar with a +2 spear of pain.
* * * LOW HITPOINT WARNING * * *
You writhe in agony.
* * * LOW HITPOINT WARNING * * *
Shoot: a) +1 hand crossbow
Press: ? - help, Shift-Dir - straight line, f/p - gnoll
Aim: a gnoll, wielding a +2 spear of pain (severely wounded, 69% to hit)
You shoot a bolt. The bolt closely misses the gnoll.
The gnoll hits you from afar with a +2 spear of pain!
You die...

#.#######.........
#.#...#...........
......)...........
........####...#.#
....>............#
....
........####...###
#..# ..#...#.#
##.## #..# ..#...
.#
#.########..####
#.
#.†.@.g........#
##########..##.##
# #..#...##.#
#....#....#
##.#...##.#
####†##.## #
...#.##.###
#...).......
.....##.###.


You could see a gnoll.

Vanquished Creatures
  3 gnolls (D:2)
  4 endoplasms
  2 goblins (D:1)
  2 hobgoblins
  2 ball pythons
  A bat (D:2)
  A frilled lizard (D:1)
  2 kobolds
  2 rats (D:1)
19 creatures vanquished.

Notes
Turn   | Place    | Note
-------+----------+-------------------------------------------
     0 | D:1      | dolemite99 the Kobold Hunter began the quest for the Orb.
     0 | D:1      | Reached XP level 1. HP: 12/12 MP: 1/1
   495 | D:1      | Reached XP level 2. HP: 17/17 MP: 2/2
   889 | D:2      | Reached skill level 6 in Crossbows
   906 | D:2      | Reached XP level 3. HP: 21/21 MP: 3/3
   932 | D:2      | Slain by a gnoll

Illustrated notes

Levels and vault maps discovered:
D:1:      saegor_arrival_simple_e, layout_loops_ring
D:2:      layout_loops_ring, basic_ecumenical_altar, minmay_tiny_reverse_x

Skill      XL: |  1  2  3 |
---------------+----------+-----
Stealth        | 2 3 |  3.0
Crossbows      | 6 |  6.5
Fighting       | |  2.1
Dodging        | |  2.4

Action                   || total
-------------------------++-------
 Fire: Hand crossbow     ||    43
Armor: Leather armour    ||     1
Dodge: Dodged            ||     7

Table legend: (Time is in decaauts)
 A = Elapsed time spent in this place.
 B = Non-inter-level travel time spent in this place.
 C = Inter-level travel time spent in this place.
 D = Time resting spent in this place.
 E = Time spent auto-exploring this place.
 F = Levels seen in this place.
 G = Mean time per level.
                   A        B        C        D        E       F      G
               +--------+--------+--------+--------+--------+-----+--------+
         Total |    942 |    932 |     10 |      0 |    777 |   2 |  471.0 |
       Dungeon |    942 |    932 |     10 |      0 |    777 |   2 |  471.0 |
               +--------+--------+--------+--------+--------+-----+--------+

Top non-repeatable levels by time:
     D:1: 779 daAuts
     D:2: 163 daAuts
